 Dungeon Crawl Stone Soup version 0.28.0-43-g3370ac3207 (webtiles) character file.

Game seed: 17853025498750862409

144 pkoi the Charlatan (level 4, -13/34 HPs)
             Began as a Demigod Artificer on Mar 29, 2022.
             Mangled by an ogre
             ... wielding a +0 giant club
              (17 damage)
             ... on level 4 of the Dungeon.
             The game lasted 00:06:21 (5321 turns).

pkoi the Charlatan (Demigod Artificer)              Turns: 5321, Time: 00:06:21

Health: -13/34     AC:  5    Str: 10 (13) XL:     4   Next: 76%
Magic:  6/6        EV: 11    Int: 14 (17) God:
Gold:   122        SH:  0    Dex: 17 (20) Spells: 3/3 levels left

rFire   . . .      SeeInvis +   h - +0 dagger (flame)
rCold   . . .      Faith    .   (no shield)
rNeg    . . .      Spirit   .   b - +0 leather armour
rPois   .          Reflect  .   m - +1 helmet
rElec   .          Harm     .   (no cloak)
rCorr   .          Rampage  .   (no gloves)
Will    .....                   (no boots)
Stlth   ++........              (no amulet)
HPRegen 0.11/turn               j - ring of see invisible
MPRegen 0.10/turn               l - +6 ring of dexterity

@: no status effects
A: high MP 1, forlorn, divine attributes
a: no special abilities


You were on level 4 of the Dungeon.
You visited 1 branch of the dungeon, and saw 4 of its levels.

You collected 122 gold pieces.

Inventory:

Hand Weapons
 a - a +0 club
 h - a +0 dagger of flaming (weapon)
Missiles
 p - 6 boomerangs
Armour
 b - a +0 leather armour (worn)
 m - a +1 helmet (worn)
 o - an orb of light
Jewellery
 j - a ring of see invisible (left hand)
 l - a +6 ring of dexterity (right hand)
 n - a ring of fire
Wands
 c - a wand of flame (11) (quivered)
 d - a wand of charming (15)
Scrolls
 g - a scroll of identify
Potions
 f - 3 potions of heal wounds
 i - a potion of flight
 k - a potion of attraction
Miscellaneous
 e - a piece from Xom's chessboard (14/15)


   Skills:
 - Level 0.8 Fighting
 - Level 1.7 Armour
 - Level 0.8 Dodging
 - Level 0.8 Stealth
 + Level 2.9 Unarmed Combat
 + Level 4.1 Evocations


You had 3 spell levels left.
You didn't know any spells.
Your spell library was empty.

Dungeon Overview and Level Annotations

Branches:
Dungeon (4/15)
 Temple: D:4-7

Shops:
D:1 ((:   D:2 (


Innate Abilities, Weirdness & Mutations

You have an increased reservoir of magic. (+10% MP)
You shall have no god before yourself.
Your divine heritage dramatically boosts your attributes as you level up.


Message History

A gnoll comes into view. It is wielding a +0 flail.
The ogre gestures wildly.
The ogre closely misses you.
You hit the ogre but do no damage.
A gnoll comes into view. It is wielding a +0 club.
The gnoll shouts!
You hit the ogre. You burn the ogre.
The ogre is lightly wounded.
The ogre barely misses you.
You hit the ogre. You burn the ogre.
The ogre is lightly wounded.
A gnoll comes into view. It is wielding a +0 whip.
You hit the ogre but do no damage.
The ogre is lightly wounded.
The ogre hits you with a +0 giant club!
* * * LOW HITPOINT WARNING * * *
You hit the ogre. You burn the ogre.
The ogre is moderately wounded.
A gnoll comes into view. It is wielding a +0 club.
The ogre hits you with a +0 giant club!
* * * LOW HITPOINT WARNING * * *
The ogre barely misses itself.
You hit the ogre. You burn the ogre.
The ogre is moderately wounded.
You hit the ogre. You burn the ogre.
The ogre is heavily wounded.
You hit the ogre. You burn the ogre.
The ogre is heavily wounded.
The ogre hits you with a +0 giant club!
* * * LOW HITPOINT WARNING * * *
The ogre hits the gnoll with a +0 giant club!!
The gnoll is killed!
Your piece from Xom's chessboard (15/15) has regained one charge.
The ogre seems less confused.
You make a move on Xom's chessboard...
The ogre falls asleep!
You hit the ogre. You burn the ogre.
The ogre is severely wounded.
The ogre hits you with a +0 giant club!
Ouch! That really hurt!
You die...

#############
#...@Og)g...#
#.#########...#
#.# #......
######.####...
......
#.............
#####
##.####.####.##
#(####...##.#.#
#..........###.#
#####..>##.# ##


You could see an ogre and 2 gnolls.

Vanquished Creatures
  A scorpion (D:3)
  2 adders
  A gnoll (D:4)
  A dart slug (D:3)
  7 ball pythons
  4 bats
  2 giant cockroaches
  5 goblins
  2 hobgoblins
  7 jackals (D:2)
  4 kobolds
  3 quokkas (D:1)
  4 frilled lizards (D:1)
  6 rats
49 creatures vanquished.

Notes
Turn   | Place    | Note
-------+----------+-------------------------------------------
     0 | D:1      | pkoi the Demigod Artificer began the quest for the Orb.
     0 | D:1      | Reached XP level 1. HP: 15/15 MP: 3/3
   505 | D:1      | Found Jechew's Book Shoppe.
   524 | D:1      | Reached skill level 3 in Evocations
   543 | D:1      | Reached skill level 1 in Unarmed Combat
   835 | D:1      | Reached XP level 2. HP: 19/22 MP: 4/4
  1099 | D:1      | Found Cail's Weapon Shoppe.
  2011 | D:1      | Found Waoddirph's Antique Weapon Boutique.
  2925 | D:2      | Found Ureorekh's Antique Weapon Shoppe.
  3495 | D:2      | Reached XP level 3. HP: 26/27 MP: 5/5
  4774 | D:3      | Noticed a scorpion
  4788 | D:3      | Killed a scorpion
  4789 | D:3      | Reached skill level 4 in Evocations
  4789 | D:3      | Reached XP level 4. HP: 34/34 MP: 6/6
  5295 | D:4      | Noticed an ogre
  5321 | D:4      | Mangled by an ogre

Illustrated notes

Levels and vault maps discovered:
D:1:      psy_arrival_dodecagon, layout_basic, chequers_ecumenical_altar_lobes,
          serial_shops, nicolae_shop_waterfront, shop,
          nicolae_shop_bloodbath_and_beyond
D:2:      layout_loops_ring, serial_shops, shop, serial_rivers,
          chequers_serial_rivers_small_3, chequers_serial_rivers_micro_a,
          chequers_serial_rivers_small_b, chequers_serial_rivers_micro_b,
          chequers_serial_rivers_room_a, moated_statue
D:3:      layout_basic, mainiacjoe_overflow_boulevard
D:4:      layout_loops_ring, corexii_leaking_fountain

Skill      XL: |  1  2  3 |
---------------+----------+-----
Evocations     | 3 4 |  4.1
Unarmed Combat | 1 2 |  2.9
Fighting       | |  0.8
Armour         | |  1.7
Dodging        | |  0.8
Stealth        | |  0.8

Action                   |  1- 3 |  4- 6 || total
-------------------------+-------+-------++-------
Melee: Dagger            |   188 |    36 ||   224
       Club              |    18 |       ||    18
       Punch             |     7 |       ||     7
Evoke: Wand              |     4 |       ||     4
       Piece from Xom's  |     1 |     2 ||     3
  Use: Scroll            |     3 |     1 ||     4
       Potion            |     3 |     1 ||     4
 Stab: Sleeping          |     2 |       ||     2
       Paralysed         |     3 |       ||     3
Armor: Leather armour    |    60 |    11 ||    71
Dodge: Dodged            |   115 |    18 ||   133
